AoeStats
← Jomaloro

Fortress

509792754Analyzed
4v4 RM · 3d ago on Sep 28, 2026· 64m 43s· 8 players
Game mode
Random Map
Map size
Huge
Population
200
Speed
Normal
Resources
Standard
Victory
Conquest
Starting age
Dark Age
Ending age
Imperial Age
RankedLock teamsTeams togetherTeam positionsShared explorationLock speedFull tech treeHidden civsTurbo modeCheats
Victory
Defeat
🇲🇽 Persians · Mexico
1120
+15
🇲🇽 Celts · Mexico
1100
+16
🇮🇩 Japanese · Indonesia
1025
+19
🇩🇴 Romans · Dominican Republic
1021
+19
🇺🇸 Khitans · United States
1113
-18
🇺🇸 Mongols · United States
1111
-18
🇺🇸 Bohemians · United States
1087
-17
🇺🇸 Burmese · United States
1073
-16
Jomaloro
7:52 Feudal Age
11:55 Castle Age
10:48 Scale Mail Armor
12:13 Wheelbarrow
12:58 Stronghold
18:33 Double-Bit Axe
21:58 Horse Collar
26:45 Imperial Age
24:28 Heavy Plow
25:32 Chain Mail Armor
25:42 Bow Saw
26:52 Hand Cart
26:50 Fletching
28:04 Conscription
28:07 Furor Celtica
29:38 Man-at-Arms
30:51 Plate Mail Armor
30:31 Forging
30:03 Onager
31:02 Pikeman
31:03 Long Swordsman
31:54 Gambesons
33:39 Chemistry
33:02 Gold Mining
32:35 Two-Handed Swordsman
33:52 Champion
35:25 Bodkin Arrow
35:54 Siege Onager
38:29 Halberdier
47:30 Siege Engineers
50:09 Fortified Wall
50:10 Loom
54:59 Arson
hugobsky
6:02 Loom
7:51 Feudal Age
11:46 Castle Age
9:58 Double-Bit Axe
11:19 Horse Collar
18:04 Bow Saw
18:01 Heavy Plow
23:32 Wheelbarrow
26:10 Imperial Age
24:08 Bloodlines
25:20 Scale Barding Armor
24:50 Light Cavalry
25:43 Forging
26:44 Chain Barding Armor
25:51 Cavalier
27:34 Chemistry
27:46 Iron Casting
27:14 Squires
27:44 Conscription
28:30 Husbandry
29:36 Caravan
31:27 Plate Barding Armor
30:50 Gold Mining
30:51 Stone Mining
31:18 Savar
35:15 Blast Furnace
37:58 Scale Mail Armor
39:10 Town Watch
39:41 Hand Cart
51:38 Fletching
51:48 Heavy Camel Rider
59:53 Pikeman
Zerg Ramfire
8:24 Feudal Age
11:14 Loom
12:01 Double-Bit Axe
14:28 Gold Mining
17:29 Castle Age
16:34 Man-at-Arms
17:31 Horse Collar
20:34 Town Watch
21:14 Bow Saw
22:49 Wheelbarrow
23:06 Heavy Plow
23:55 Pikeman
24:40 Scale Mail Armor
24:50 Forging
26:49 Squires
27:07 Chain Mail Armor
27:04 Ballistas
28:25 Hand Cart
28:43 Stone Mining
30:10 Long Swordsman
34:10 Imperial Age
33:25 Gold Shaft Mining
33:19 Town Patrol
34:53 Heavy Scorpion
36:51 Crop Rotation
37:08 Legionary
39:31 Comitatenses
40:32 Caravan
40:51 Caravan
41:03 Guilds
41:26 Ballistics
41:12 Siege Engineers
45:10 Onager
48:44 Halberdier
51:52 Elite Skirmisher
54:13 Conscription
53:16 Elite Centurion
57:05 Iron Casting
56:31 Padded Archer Armor
56:21 Fletching
56:34 Padded Archer Armor
56:54 Capped Ram
Great Gali Djowo
8:58 Feudal Age
8:29 Loom
13:07 Castle Age
11:00 Double-Bit Axe
11:12 Horse Collar
11:49 Stone Mining
12:11 Gold Mining
17:09 Scale Mail Armor
17:50 Fletching
24:34 Wheelbarrow
24:26 Bodkin Arrow
24:42 Forging
29:39 Imperial Age
30:53 Conscription
31:28 Ballistics
32:38 Chemistry
31:35 Murder Holes
31:54 Bow Saw
32:10 Pikeman
32:51 Squires
33:29 Iron Casting
34:06 Halberdier
40:19 Blast Furnace
41:55 Chain Mail Armor
41:41 Bracer
41:47 Arson
42:15 Town Watch
43:23 Gold Shaft Mining
44:31 Plate Mail Armor
45:32 Padded Archer Armor
44:59 Elite Skirmisher
46:00 Caravan
46:53 Elite Samurai
48:05 Leather Archer Armor
51:10 Kataparuto
59:44 Man-at-Arms
60:09 Gambesons
61:22 Ring Archer Armor
61:53 Long Swordsman
62:37 Two-Handed Swordsman
PapiChullo
4:46 Loom
8:14 Feudal Age
12:47 Castle Age
13:13 Double-Bit Axe
13:30 Horse Collar
13:43 Gold Mining
13:43 Stone Mining
16:08 Bow Saw
20:50 Gold Shaft Mining
21:54 Fletching
22:05 Padded Archer Armor
22:49 Ballistics
24:08 Wheelbarrow
23:50 Bodkin Arrow
24:11 Leather Archer Armor
25:16 Heavy Plow
25:54 Stone Shaft Mining
26:12 Hand Cart
26:59 Town Watch
30:19 Imperial Age
29:48 Town Patrol
30:02 Husbandry
30:13 Bloodlines
30:19 Forging
30:15 Scale Barding Armor
31:03 Elite Mangudai
31:47 Bracer
32:25 Iron Casting
32:15 Chain Barding Armor
33:15 Caravan
37:11 Chemistry
36:08 Murder Holes
35:40 Pikeman
38:14 Elite Steppe Lancer
40:24 Conscription
46:31 Light Cavalry
48:20 Hussar
60:30 Nomads
64:55 Drill
Tall Blonde Beautiful
8:12 Feudal Age
8:56 Feudal Age
12:31 Castle Age
14:16 Husbandry
14:44 Domestication
15:04 Double-Bit Axe
17:16 Pastoralism
19:00 Loom
19:28 Scale Barding Armor
19:34 Forging
21:52 Chain Barding Armor
22:30 Bow Saw
24:05 Wheelbarrow
24:17 Gold Mining
25:50 Hand Cart
33:10 Imperial Age
32:08 Light Cavalry
33:48 Elite Steppe Lancer
33:49 Hussar
34:18 Heavy Camel Rider
36:16 Plate Barding Armor
36:16 Iron Casting
62:37 Scale Mail Armor
63:57 Chain Mail Armor
65:11 Squires
SlickSloth
0:30 Loom
9:00 Feudal Age
14:20 Castle Age
23:13 Wheelbarrow
22:33 Horse Collar
23:01 Husbandry
25:18 Heavy Plow
25:50 Bloodlines
27:08 Scale Barding Armor
28:02 Hand Cart
30:38 Chain Barding Armor
31:35 Forging
34:28 Imperial Age
32:58 Iron Casting
34:28 Elite Battle Elephant
36:11 Blast Furnace
54:25 Plate Barding Armor
54:18 Gold Mining
Koality
7:06 Feudal Age
10:57 Castle Age
9:14 Double-Bit Axe
13:50 Bow Saw
18:03 Fletching
18:03 Crossbowman
21:23 Redemption
22:23 Wheelbarrow
21:55 Bodkin Arrow
22:01 Padded Archer Armor
24:22 Wheelbarrow
29:35 Imperial Age
29:46 Hand Cart
29:16 Loom
31:23 Chemistry
31:43 Fervor
32:33 Arbalester
33:38 Leather Archer Armor
36:20 Ballistics
36:06 Siege Engineers
40:41 Ring Archer Armor
40:12 Bracer
46:14 Houfnice
62:02 Conscription
Connection lost

Rejoining the realm…

Still unreachable

The connection could not be restored.

Session expired

The server has moved on; the page needs a fresh start.